 Dungeon Crawl Stone Soup version 0.22-a0-441-gcf5b0c6 (webtiles) character file.

5884 galech the Fighter (level 10, -7/107 (111) HPs)
             Began as an Ogre Berserker on May 30, 2018.
             Was an Elder of Trog.
             Shot with an arrow by a centaur (10 damage)
             ... on level 9 of the Dungeon.
             The game lasted 00:18:24 (8708 turns).

galech the Fighter (Ogre Berserker)                 Turns: 8708, Time: 00:18:24

HP:   -7/107 (111)  AC:  4    Str: 31    XL:     10   Next: 82%
MP:   0/10          EV: 12    Int:  8    God:    Trog [****..]
Gold: 390           SH:  0    Dex:  8    Spells: 9/9 levels left

rFire    x . .     SeeInvis .   M - +7 hunting sling "Death Rattle" {velocity, rElec rPois rF- Str+5}
rCold    . . .     Gourm    .   (no shield)
rNeg     . . .     Faith    .   b - +0 animal skin
rPois    +         Spirit   +   G - +1 hat
rElec    +         Reflect  .   L - scarf {Spirit}
rCorr    .         Harm     .   (gloves unavailable)
MR       +....                  (boots unavailable)
Stlth    +++.......             u - amulet of regeneration
HPRegen  0.67/turn              g - ring of stealth
MPRegen  0.12/turn              m - ring of poison resistance

@: about to teleport
A: large, unfitting armour, tough skin 1
a: Berserk, Trog's Hand, Brothers in Arms, Renounce Religion


You were on level 9 of the Dungeon.
You worshipped Trog.
Trog was greatly pleased with you.
You were hungry.

You visited 1 branch of the dungeon, and saw 9 of its levels.

You collected 390 gold pieces.

Inventory:

Hand Weapons
 a - a +0 mace
 M - the +7 hunting sling "Death Rattle" (weapon) {velocity, rElec rPois rF- Str+5}
   (You found it on level 7 of the Dungeon)

   Any stone fired from it inflicts extra damage.
   It affects your strength (+5).
   It makes you vulnerable to fire.
   It insulates you from electricity.
   It protects you from poison.
 P - a -3 dire flail
Missiles
 N - 30 sling bullets (quivered)
Armour
 b - a +0 animal skin (worn)
 j - a scarf of cloud immunity
 G - a +1 hat (worn)
 L - a scarf of spirit shield (worn)
Jewellery
 g - a ring of stealth (left hand)
 m - a ring of poison resistance (right hand)
 p - an uncursed amulet of the gourmand
 r - an uncursed amulet of harm
 u - an amulet of regeneration (around neck)
 v - an uncursed ring of stealth
 I - an uncursed ring of stealth
Wands
 f - a wand of digging (11)
 z - a wand of disintegration (10)
 A - a wand of flame (59)
Scrolls
 d - 2 scrolls of fog
 e - 2 scrolls of fear
 h - 7 scrolls of remove curse
 o - 5 scrolls of teleportation
 q - a scroll of noise
 t - a scroll of random uselessness
 w - a scroll of magic mapping {unknown}
 x - 2 scrolls of amnesia {unknown}
 y - 2 scrolls of torment {unknown}
 C - a scroll of silence {unknown}
 D - 2 scrolls of blinking
 E - a scroll of enchant weapon
 K - a scroll of acquirement
 O - 2 scrolls of vulnerability {unknown}
 Q - a scroll of enchant armour {unknown}
 R - a scroll of identify
Potions
 i - a potion of berserk rage {unknown}
 k - a potion of flight {unknown}
 l - 2 potions of mutation {unknown}
 n - 2 potions of heal wounds {unknown}
 s - a potion of haste {unknown}
 B - 2 potions of might
 F - a potion of resistance {unknown}
 H - a potion of agility {unknown}
 J - a potion of curing {unknown}
 S - a potion of magic {unknown}
 T - a potion of lignification {unknown}
Comestibles
 c - 19 rations


   Skills:
 + Level 10.4 Fighting
 + Level 9.0 Maces & Flails
 + Level 5.2 Slings
 + Level 6.8 Dodging
 + Level 3.0 Stealth


You had 9 spell levels left.
You didn't know any spells.
Your spell library was empty.

Dungeon Overview and Level Annotations

Branches:
Dungeon (9/15)             Temple (0/1) D:5
   Lair: D:8-11         Orc: D:9-12

Altars:
Ashenzari
Cheibriados
Dithmenos
Elyvilon
Hepliaklqana
Makhleb
Nemelex Xobeh
Okawaru
Qazlal
Trog
Vehumet
Yredelemnul

Shops:
D:4 *   D:8 [


Innate Abilities, Weirdness & Mutations

You are too large for most types of armour.
You have tough skin. (AC +1)


Message History

The centaur unwields an uncursed short sword.
The centaur wields a shortbow.
The centaur shoots an arrow.
The arrow barely misses you.
The arrow barely misses the orc warrior.
An adder comes into view.
The centaur shoots an arrow.
The arrow hits you!
You see here an arrow.
As you read the scroll of teleportation, it crumbles to dust.
You feel strangely unstable.
The adder hisses angrily.
The centaur shoots an arrow.
The arrow barely misses you. The orc warrior hits you with a mace!
The centaur shoots an arrow.
The arrow hits you!
* * * LOW HITPOINT WARNING * * *
The orc warrior hits you with a mace!!
* * * LOW HITPOINT WARNING * * *
The centaur shoots an arrow.
The arrow hits you!
* * * LOW HITPOINT WARNING * * *
The centaur shoots an arrow.
The arrow hits you!
You die...

.......).# #.# .#....
.......#.#####.#####'o##....
.......#........o...o.(..###
.......#.......o##########..
.......#c.......# ...
#############..(.(c..# #..
................o....# #..
...............(o....# #..
...........S...(@....# #..
..........#######....# .
..........# #....# .
...#####..# #....# . ...#
#..# #....# . ...# #..#
....# . ...# #..# ....# .
#..#####..# ....#
#.........#


You could see an orc warrior, 2 centaurs, an orc priest, an adder and 2 orcs.

Vanquished Creatures
  2 two-headed ogres
  A gargoyle (D:9)
  3 hippogriffs
  2 wyverns
  3 yaks (D:9)
  The ghost of Sergey the Insei, an amateur KoTm of Okawaru (D:6)
  An orc warrior (D:7)
  An ice beast (D:5)
  A phantom (D:9)
  A necrophage (D:5)
  5 ogres
  5 centaurs
  5 bullfrogs
  A scorpion (D:6)
  A wyvern skeleton (D:8)
  4 wights (D:8)
  A howler monkey (D:6)
  4 crimson imps
  A centaur zombie (D:8)
  A quasit (D:9)
  A bullfrog zombie (D:7)
  2 hounds
  An orc priest (D:8)
  A jelly (D:9)
  A centaur skeleton (D:7)
  3 orc wizards (D:8)
  A gnoll shaman (D:4)
  3 iguanas
  7 worker ants
  3 hound skeletons
  A worker ant zombie (D:5)
  8 gnolls (D:5)
  12 adders
  An ooze (D:1)
  4 worms
  4 dart slugs
  3 leopard geckos
  16 orcs
  7 giant cockroaches
  9 goblins
  12 hobgoblins
  6 jackals
  6 quokkas
  3 bats
  5 frilled lizards
  9 kobolds
  2 quokka skeletons
  A quokka zombie (D:5)
  4 rats
180 creatures vanquished.

Notes
Turn   | Place    | Note
-------+----------+-------------------------------------------
     0 | D:1      | galech the Ogre Berserker began the quest for the Orb.
     0 | D:1      | Reached XP level 1. HP: 24/24 MP: 1/1
    91 | D:1      | Reached XP level 2. HP: 24/32 MP: 2/2
   457 | D:1      | Found a shattered altar of Ashenzari.
   657 | D:2      | Reached XP level 3. HP: 38/40 MP: 3/3
   666 | D:2      | Reached ** piety under Trog
  1189 | D:2      | Reached XP level 4. HP: 42/49 MP: 4/4
  2029 | D:3      | Reached skill level 5 in Fighting
  2355 | D:3      | Found a hazy altar of Hepliaklqana.
  2722 | D:4      | Reached XP level 5. HP: 37/57 MP: 5/5
  2896 | D:4      | Reached *** piety under Trog
  3471 | D:4      | Noticed an ogre
  3479 | D:4      | Noticed an ogre
  3480 | D:4      | Killed an ogre
  3480 | D:4      | Reached skill level 1 in Stealth
  3480 | D:4      | Reached XP level 6. HP: 66/66 MP: 6/6
  3491 | D:4      | Reached skill level 5 in Maces & Flails
  3563 | D:4      | Reached skill level 6 in Fighting
  3750 | D:4      | Reached XP level 7. HP: 72/75 MP: 7/7
  3778 | D:4      | Found Jeiniut's Assorted Antiques.
  4048 | D:5      | Entered Level 5 of the Dungeon
  4048 | D:5      | Found a burning altar of Makhleb.
  4048 | D:5      | Found a bloodstained altar of Trog.
  4048 | D:5      | Found an iron altar of Okawaru.
  4048 | D:5      | Found a sparkling altar of Nemelex Xobeh.
  4150 | D:5      | Found a snail-covered altar of Cheibriados.
  4259 | D:5      | Found a staircase to the Ecumenical Temple.
  4861 | D:5      | Reached XP level 8. HP: 75/80 MP: 8/8
  4868 | D:5      | Found a basalt altar of Yredelemnul.
  5096 | D:6      | Noticed Sergey's ghost (amateur KoTm)
  5109 | D:6      | Killed Sergey's ghost
  5109 | D:6      | Reached skill level 7 in Fighting
  5538 | D:6      | Reached skill level 5 in Dodging
  5733 | D:6      | Found a stormy altar of Qazlal.
  5734 | D:6      | Noticed an air elemental
  5756 | D:6      | Noticed a water elemental
  5958 | D:7      | Found a shadowy altar of Dithmenos.
  6011 | D:7      | Reached skill level 8 in Fighting
  6055 | D:7      | Reached **** piety under Trog
  6264 | D:7      | Reached XP level 9. HP: 24/92 MP: 9/9
  6434 | D:7      | Got an ichor-stained hunting sling
  6435 | D:7      | Identified the +7 hunting sling "Death Rattle" {velocity, rElec rPois rF- Str+5} (You found it on level 7 of the Dungeon)
  7101 | D:8      | Reached skill level 1 in Slings
  7351 | D:8      | Noticed a two-headed ogre
  7396 | D:7      | Reached skill level 9 in Fighting
  7496 | D:8      | Killed a two-headed ogre
  7613 | D:8      | Identified a scroll of acquirement
  7620 | D:8      | Reached XP level 10. HP: 101/103 MP: 10/10
  7951 | D:8      | Found Bera's Armour Emporium.
  8188 | D:9      | Received a gift from Trog
  8253 | D:9      | Noticed a gargoyle
  8264 | D:9      | Killed a gargoyle
  8264 | D:9      | Reached skill level 10 in Fighting
  8453 | D:9      | Found a radiant altar of Vehumet.
  8554 | D:9      | Noticed a two-headed ogre
  8560 | D:9      | Killed a two-headed ogre
  8560 | D:9      | Reached skill level 5 in Slings
  8624 | D:9      | Found a white marble altar of Elyvilon.
  8708 | D:9      | HP: 3/107 [centaur/arrow (9)]
  8708 | D:9      | Shot with an arrow by a centaur

Vault maps used:
D:1:      dpeg_arrival_orchard, nicolae_ashenzari_panopticon
D:2:      minmay_pentomino_s4
D:3:      lemuel_doored_altar
D:4:      serial_shops, shop
D:5:      grunt_temple_overflow_open, cheibriados_altar_1, temple_fountains,
          first_ration
D:6:      nicolae_qazlal_style_of_elements
D:7:      grunt_dithmenos_smoke_and_mirrors, glass_columns_a, grunt_ogre_cave,
          minmay_misc_feat_tower
D:8:      serial_shops, shop
D:9:      nicolae_overflow_crystal_walls, elyvilon_altar_3

Skill      XL: |  1  2  3  4  5  6  7  8  9 10 |
---------------+-------------------------------+-----
Maces & Flails | 3 4 5 6 7 8 9 |  9.0
Dodging        | 3 4 5 6 |  6.8
Fighting       | 5 6 8 9 10 | 10.4
Stealth        | 1 2 3 |  3.0
Slings         | 3 5 |  5.2

Action                   |  1- 3 |  4- 6 |  7- 9 | 10-12 || total
-------------------------+-------+-------+-------+-------++-------
Melee: Mace              |   115 |   194 |   355 |    66 ||   730
       Dire flail        |       |       |    22 |       ||    22
 Fire: Hunting sling     |       |       |    42 |    72 ||   114
Invok: Berserk           |       |     3 |     6 |     1 ||    10
       Trog's Hand       |       |     1 |     6 |       ||     7
  Use: Scroll            |       |       |     9 |     1 ||    10
 Stab: Sleeping          |       |     2 |     5 |       ||     7
  Eat: Chunk             |     1 |    11 |    17 |     4 ||    33
       Ration            |       |       |     1 |       ||     1
Armor: Animal skin       |    30 |    53 |    73 |    27 ||   183
Dodge: Dodged            |    56 |   135 |   239 |    63 ||   493

Table legend:
 A = Spawn XP
 B = Non-spawn XP
 C = Spawn XP percentage of total XP
 D = Spawn monster count
 E = Non-spawn monster count
 F = Spawn count percentage of total count
 G = Total turns spent on level
                    A         B        C        D         E        F      G
               +---------+---------+-------+---------+---------+-------+---------
         Total |       0 |    8406 |   0.0 |       0 |     180 |   0.0 |  8708
               +---------+---------+-------+---------+---------+-------+---------
           D:1 |       0 |      33 |   0.0 |       0 |      17 |   0.0 |   642
           D:2 |       0 |      58 |   0.0 |       0 |      20 |   0.0 |   601
           D:3 |       0 |      67 |   0.0 |       0 |      23 |   0.0 |  1442
           D:4 |       0 |     503 |   0.0 |       0 |      26 |   0.0 |  1464
           D:5 |       0 |     575 |   0.0 |       0 |      20 |   0.0 |  1088
           D:6 |       0 |     790 |   0.0 |       0 |      17 |   0.0 |   798
           D:7 |       0 |     632 |   0.0 |       0 |      14 |   0.0 |  1139
           D:8 |       0 |    2640 |   0.0 |       0 |      26 |   0.0 |   995
           D:9 |       0 |    3108 |   0.0 |       0 |      17 |   0.0 |   539
               +---------+---------+-------+---------+---------+-------+---------
